 Dungeon Crawl Stone Soup version 0.30.0-29-ga12c61a403 (webtiles) character file.

Game seed: 2253458441697172581

16230 ChadusMaximus the Blocker (level 12, -6/96 HPs)
             Began as a Formicid Fighter on June 18, 2023.
             Was an Elder of Okawaru.
             Mangled by a komodo dragon (17 damage)
             ... on level 5 of the Lair of Beasts.
             The game lasted 00:25:35 (14081 turns).

ChadusMaximus the Blocker (Formicid Fighter)       Turns: 14081, Time: 00:25:35

Health: -6/96      AC: 15    Str: 25    XL:     12   Next: 67%
Magic:  0/17       EV:  8    Int:  9    God:    Okawaru [****..]
Gold:   1533       SH: 13    Dex: 13    Spells: 11/11 levels left

rFire   + . .        d - +0 broad axe
rCold   + . .        R - +0 kite shield of Hopscotch {Regen+}
rNeg    + . .        K - +2 chain mail {rN+}
rPois   .            (helmet unavailable)
rElec   .            l - scarf {rC+ rF+}
rCorr   .            (no gloves)
SInv    +            E - +1 pair of boots
Will    +....        p - amulet of guardian spirit Stlth
                     w - ring of flight
HPRegen 1.16/turn    (no ring)
MPRegen 0.15/turn

%: guardian spirit
@: flying, studying Shields
A: permanent stasis, dig shafts and tunnels, antennae 3, four strong arms
a: Dig, Shaft Self, Renounce Religion, Heroism, Finesse


You were on level 5 of the Lair of Beasts.
You worshipped Okawaru.
Okawaru was greatly pleased with you.
You visited 3 branches of the dungeon, and saw 19 of its levels.
You also visited: Bailey.

You collected 1533 gold pieces.

Inventory:

Hand Weapons
 a - a +0 war axe
 d - a +0 broad axe (weapon)
Missiles
 A - 2 throwing nets
 F - 6 boomerangs (quivered)
 I - 4 javelins
 V - a silver javelin
Armour
 c - a +0 buckler
 l - a scarf of resistance (worn)
 E - a +1 pair of boots (worn)
 K - a +2 chain mail of positive energy (worn)
 L - a +0 plate armour
 R - the +0 kite shield of Hopscotch (worn) {Regen+}
   (You found it on level 10 of the Dungeon)

   Regen:     It increases your rate of health regeneration.
Jewellery
 p - an amulet of guardian spirit (around neck)
 r - an amulet of reflection
 w - a ring of flight (left hand)
 B - an amulet of the acrobat
 U - a ring of wizardry
 W - a ring of protection from cold
Wands
 n - a wand of acid (5)
 G - a wand of roots (17)
 S - a wand of flame (4)
Scrolls
 b - 2 scrolls of blinking
 f - 3 scrolls of noise
 i - 7 scrolls of teleportation
 m - 2 scrolls of enchant weapon
 q - 4 scrolls of identify
 t - a scroll of fear
 v - 2 scrolls of torment
 y - 4 scrolls of poison
 D - a scroll of magic mapping
 H - a scroll of enchant armour
 J - a scroll of amnesia {unknown}
 N - 2 scrolls of fog {unknown}
Potions
 e - a potion of brilliance {unknown}
 g - a potion of flight {unknown}
 h - 2 potions of invisibility {unknown}
 j - 2 potions of degeneration {unknown}
 k - 4 potions of attraction {unknown}
 o - a potion of might
 s - 2 potions of haste {unknown}
 u - 7 potions of curing
 x - a potion of ambrosia {unknown}
 z - 3 potions of berserk rage
 C - 5 potions of mutation
 M - 5 potions of heal wounds {unknown}
 O - a potion of cancellation {unknown}
 P - a potion of magic {unknown}
 Q - 2 potions of resistance
 T - a potion of lignification {unknown}


   Skills:
 + Level 9.6 Fighting
 + Level 8.6 Axes
 * Level 9.4 Throwing
 + Level 9.6 Armour
 + Level 14.0 Shields
 - Level 7.3 Invocations


You had 11 spell levels left.
You didn't know any spells.
Your spell library contained the following spells:

 Spells                   Type           Power      Damage    Failure   Level
 Shock                    Conj/Air       0%         1d3       94%         1
 Slow                     Hex            0%         N/A       94%         1
 Cigotuvi's Dreadful Rot  Necr/Pois/Air  0%         N/A       98%         2
 Poisonous Vapours        Pois/Air       0%         N/A       98%         2
 Confusing Touch          Hex            0%         N/A       100%        3
 Mephitic Cloud           Conj/Pois/Air  0%         N/A       100%        3
 Stone Arrow              Conj/Erth      0%         3d7       100%        3
 Vampiric Draining        Necr           0%         2d6       100%        3
 Airstrike                Air            0%         2d(0-16)  100%        4
 Dispel Undead            Necr           0%         3d6       100%        4
 Manifold Assault         Tloc           0%         N/A       100%        4
 Olgreb's Toxic Radiance  Pois           0%         N/A       100%        4
 Freezing Cloud           Conj/Ice/Air   0%         6-21      100%        5
 Dispersal                Tloc           0%         N/A       100%        6
 Discord                  Hex            0%         N/A       100%        8
 Disjunction              Tloc           0%         N/A       100%        8
 Ignition                 Fire           0%         3d3       100%        8
 Lehudib's Crystal Spear  Conj/Erth      0%         10d2      100%        8
 Swiftness                Air            Unusable   N/A       N/A         3
 Animate Armour           Summ/Erth      Unusable   N/A       N/A         4
 Death Channel            Necr           Unusable   N/A       N/A         6

Dungeon Overview and Level Annotations

Branches:
Dungeon (13/15)            Temple (1/1) D:6            Lair (4/5) D:11
    Orc (0/2) D:10         Bailey (visited)
  Swamp: Lair:2-3    Shoals: Lair:2-3     Snake: Lair:2-3    Spider: Lair:2-3
  Slime: Lair:4-5    Vaults: D:13-14

Altars:
Ashenzari
Cheibriados
Dithmenos
Fedhas
Gozag
Hepliaklqana
Kikubaaqudgha
Nemelex Xobeh
Okawaru
Trog
Uskayaw
Wu Jian
Xom
Yredelemnul
Zin

Annotations:
D:8 2 transporters
D:12 1 runed translucent door


Innate Abilities, Weirdness & Mutations

You cannot be hasted, slowed, berserked, paralysed or teleported.
You can dig through walls and to a lower floor.
You have a pair of large antennae on your head. (SInv)
Your four strong arms can wield two-handed weapons with a shield.


Message History

The bullfrog looks frightened! x2; The elephant easily resists.
The elephant looks frightened! x2; The blink frog looks frightened! x3
The cane toad looks frightened!
The blink frog blinks! x5
Found 5 stones.
The blink frog blinks!
You block the elephant's attack.
The elephant trunk-slaps you but does no damage.
The blink frog blinks!
A rime drake comes into view.
The rime drake hisses angrily.
You hear a loud, deep croak!
A cane toad comes into view.
The elephant tramples you.
* * * LOW HITPOINT WARNING * * *
You are shoved backwards!
The cane toad moves out of view.
The elephant trumpets!
Cornered, the cane toad turns to fight!
Unknown command.
A vampire mosquito comes into view.
The vampire mosquito buzzes angrily. 2 cane toads come into view.
The cane toad gives a loud, deep croak! x2
The rime drake breathes ice at you. The icy flash freeze hits you!
You partially resist.
* * * LOW HITPOINT WARNING * * *
You are encased in ice.
A komodo dragon comes into view.
The komodo dragon hisses angrily.
The cane toad stings you.
* * * LOW HITPOINT WARNING * * *
A black mamba comes into view.
The cane toad stings you!
* * * LOW HITPOINT WARNING * * *
The cane toad attacks as you move away! The cane toad barely misses you.
The black mamba hisses angrily.
The elephant seems to regain its courage.
The ice encasing you melts away.
The vampire mosquito bites the fungus.
The fungus begins to die.
You block the rime drake's attack. The black mamba bites you.
* * * LOW HITPOINT WARNING * * *
You block the rime drake's attack. The komodo dragon bites you!!
You die...

#### # ####F.##
##.#
#..##.l.#..###..(.
......S@kFF.......
.#.#.....Y........
######PY.PP....
#..yYF......
#...........
##......P##.
#.####.........#
..........#..#.#
#..###.........#


You could see 3 elephants, a komodo dragon, a black mamba, 4 cane toads, a rime
drake and a vampire mosquito.

Vanquished Creatures
  2 vault guards (Bailey)
  An ice dragon (D:12)
  A fire crab (D:11)
  Pikel (D:7)
  2 deep elf pyromancers (D:12)
  2 cyclopes (D:12)
  A cane toad (Lair:1)
  3 kobold demonologists (D:12)
  2 unseen horrors
  A komodo dragon (D:12)
  Maggie (D:6)
  A hornet (D:10)
  Prince Ribbit (Bailey)
  2 trolls (D:11)
  6 blink frogs
  Grinder (D:5)
  Sigmund (D:6)
  3 wyverns
  2 wraiths
  A shadow (D:9)
  7 yaks
  Eustachio (D:5)
  3 humans (Bailey)
  Menkaure (D:6)
  2 acid dragons (D:12)
  3 water moccasins
  Edmund (D:6)
  3 ice beasts
  3 orc warriors
  3 ogres
  3 wolves (Lair:1)
  5 centaurs
  3 phantoms
  11 bullfrogs
  Blork the orc (D:5)
  3 kobold brigands
  2 scorpions
  15 killer bees
  2 howler monkeys
  3 hounds
  2 jellies
  Crazy Yiuf (D:7)
  3 orc priests (D:8)
  An iguana (D:5)
  9 orc wizards
  Robin (D:3)
  4 gnolls
  6 adders
  A white imp (D:6)
  3 ufetubi
  3 worms
  A dart slug (D:11)
  47 orcs
  7 ball pythons
  2 bats
  7 endoplasms
  3 giant cockroaches (D:1)
  11 hobgoblins
  4 jackals (D:1)
  23 kobolds
  4 quokkas
  5 frilled lizards
  15 goblins
  8 rats
281 creatures vanquished.

Notes
Turn   | Place    | Note
-------+----------+-------------------------------------------
     0 | D:1      | ChadusMaximus the Formicid Fighter began the quest for the
                  | Orb.
     0 | D:1      | Reached XP level 1. HP: 18/18 MP: 1/1
   106 | D:1      | Reached XP level 2. HP: 23/24 MP: 2/2
   317 | D:1      | Reached XP level 3. HP: 27/29 MP: 3/3
  1286 | D:2      | Found a faded altar of an unknown god.
  1437 | D:2      | Reached XP level 4. HP: 35/37 MP: 4/4
  1814 | D:3      | Noticed a phantom
  1828 | D:3      | Killed a phantom
  1829 | D:3      | Reached skill level 5 in Shields
  1829 | D:3      | Reached XP level 5. HP: 38/42 MP: 5/5
  2018 | D:3      | Reached XP level 6. HP: 28/49 MP: 3/6
  2163 | D:3      | Noticed Robin
  2169 | D:3      | Reached skill level 1 in Throwing
  2172 | D:3      | Killed Robin
  2755 | D:4      | Found a broken altar of Ashenzari.
  3152 | D:4      | Noticed an orc warrior
  3163 | D:4      | You are sucked into a shaft and drop 2 floors!
  3280 | D:5      | Entered Level 5 of the Dungeon
  3285 | D:5      | Noticed an ogre
  3299 | D:5      | Noticed Eustachio
  3537 | D:4      | Killed an orc warrior
  3538 | D:4      | Reached XP level 7. HP: 28/55 MP: 2/7
  3842 | D:5      | Reached skill level 6 in Shields
  3908 | D:5      | Noticed a water moccasin
  3909 | D:5      | Noticed Grinder
  3918 | D:5      | Killed a water moccasin
  3919 | D:5      | Reached skill level 5 in Fighting
  3919 | D:5      | Reached skill level 5 in Armour
  4085 | D:5      | Killed Grinder
  4086 | D:5      | Reached XP level 8. HP: 61/62 MP: 8/8
  4110 | D:5      | Identified the +0 ring mail "Xupt" {Str+5}
  4138 | D:5      | Noticed Blork the orc
  4144 | D:5      | Killed Blork the orc
  4691 | D:5      | Reached skill level 7 in Shields
  4781 | D:5      | Killed Eustachio
  4782 | D:5      | Reached skill level 5 in Throwing
  4782 | D:5      | Reached XP level 9. HP: 42/69 MP: 6/9
  4987 | D:6      | Noticed Menkaure
  5093 | D:6      | Killed Menkaure
  5094 | D:6      | Reached skill level 5 in Axes
  5391 | D:6      | Noticed Maggie
  5404 | D:6      | Killed Maggie
  5598 | D:6      | Identified the +1 leather armour of the Butterfly {Will+
                  | Stlth+}
  5707 | D:6      | Found a staircase to the Ecumenical Temple.
  5762 | Temple   | Entered the Ecumenical Temple
  5777 | Temple   | Became a worshipper of Warmaster Okawaru
  5991 | D:6      | Noticed Sigmund
  6004 | D:6      | Killed Sigmund
  6090 | D:6      | Noticed Edmund
  6107 | D:6      | Killed Edmund
  6108 | D:6      | Reached skill level 8 in Shields
  6399 | D:7      | You are sucked into a shaft and drop 1 floor!
  6404 | D:8      | Identified 2 scrolls of acquirement
  6409 | D:8      | Acquired a manual of Shields
  6447 | D:8      | Acquired 899 gold pieces
  6544 | D:8      | Found a flagged portal.
  6555 | Bailey   | Entered a bailey
  6590 | Bailey   | Reached XP level 10. HP: 68/77 MP: 7/10
  6599 | Bailey   | Reached * piety under Okawaru
  6914 | Bailey   | Reached skill level 9 in Shields
  7118 | Bailey   | Noticed Prince Ribbit
  7151 | Bailey   | Killed Prince Ribbit
  7152 | Bailey   | Reached skill level 1 in Invocations
  7205 | Bailey   | Noticed a vault guard
  7220 | Bailey   | Killed a vault guard
  7220 | Bailey   | Reached ** piety under Okawaru
  7242 | Bailey   | Noticed a vault guard
  7260 | Bailey   | Killed a vault guard
  7261 | Bailey   | Reached skill level 10 in Shields
  7650 | D:8      | Found a transporter.
  7763 | D:8      | Found a transporter.
  8153 | D:7      | Reached XP level 11. HP: 85/86 MP: 11/14
  8393 | D:7      | Identified the staff of conjuration "Gisiloa" {Will+}
  8568 | D:7      | Noticed Pikel
  8596 | D:7      | Killed Pikel
  8596 | D:7      | Reached *** piety under Okawaru
  8597 | D:7      | Reached skill level 11 in Shields
  8597 | D:7      | Reached skill level 5 in Invocations
  8844 | D:7      | Found a runed translucent door.
  8845 | D:7      | Noticed Crazy Yiuf
  9024 | D:7      | Killed Crazy Yiuf
  9471 | D:9      | You are sucked into a shaft and drop 3 floors!
  9575 | D:12     | Noticed a deep elf pyromancer
  9814 | D:12     | Noticed a deep elf pyromancer
  9991 | D:12     | Killed a deep elf pyromancer
 10252 | D:10     | Entered Level 10 of the Dungeon
 10278 | D:10     | Identified the +0 kite shield of Hopscotch {Regen+}
 10619 | D:9      | Reached **** piety under Okawaru
 10620 | D:9      | Reached skill level 12 in Shields
 11575 | D:10     | Found a staircase to the Orcish Mines.
 11615 | D:10     | Found an ancient bone altar of Kikubaaqudgha.
 12278 | D:11     | Found a staircase to the Lair.
 12279 | D:11     | Noticed a fire crab
 12296 | D:11     | Killed a fire crab
 12319 | D:11     | Found a snail-covered altar of Cheibriados.
 12438 | D:11     | Reached XP level 12. HP: 92/94 MP: 15/17
 12463 | D:11     | Reached ***** piety under Okawaru
 12883 | D:12     | Noticed a sixfirhy
 12889 | D:12     | Reached skill level 13 in Shields
 12907 | D:12     | Received a gift from Okawaru
 12960 | D:12     | Noticed an ice dragon
 12983 | D:12     | Killed an ice dragon
 13063 | D:12     | Found a runed translucent door.
 13064 | D:12     | Noticed a fire dragon
 13064 | D:12     | Noticed a sphinx
 13064 | D:12     | Noticed a frost giant
 13065 | D:12     | Noticed a rakshasa
 13535 | Lair:1   | Entered Level 1 of the Lair of Beasts
 13874 | Lair:1   | Noticed a boulder beetle
 13885 | Lair:1   | Received a gift from Okawaru
 13901 | Lair:1   | You are sucked into a shaft and drop 1 floor!
 13901 | Lair:2   | Noticed an eight-headed hydra
 13909 | Lair:2   | You are sucked into a shaft and drop 1 floor!
 13913 | Lair:3   | Noticed a six-headed hydra
 14044 | Lair:3   | HP: 3/96 [blink frog (9)]
 14046 | Lair:3   | Reached skill level 14 in Shields
 14064 | Lair:4   | Noticed a four-headed hydra
 14064 | Lair:4   | Noticed a death yak
 14064 | Lair:4   | Noticed a death yak
 14064 | Lair:4   | Noticed a death yak
 14064 | Lair:4   | Noticed a death yak
 14068 | Lair:4   | You are sucked into a shaft and drop 1 floor!
 14068 | Lair:5   | Entered Level 5 of the Lair of Beasts
 14081 | Lair:5   | Mangled by a komodo dragon

Illustrated notes

Levels and vault maps discovered:
D:1:      elethiomel_arrival_infinity_welcomes_careful_drivers, layout_basic
D:2:      layout_rooms, nicolae_ecumenical_pavilion
D:3:      layout_basic, uniq_robin
D:4:      layout_rooms, ashenzari_altar_1, chequers_avenue
D:5:      layout_loops_ring, uniq_grinder, uniq_eustachio, uniq_blork_the_orc
D:6:      layout_basic, minmay_temple_entry_statues, sigmund_edmund_badplayer,
          uniq_maggie, uniq_menkaure
D:7:      layout_loops_ring, uniq_pikel, uniq_crazy_yiuf_cottage
D:8:      gammafunk_cloud_chamber, layout_basic, enter_bailey_8
D:9:      kennysheep_six_static_rooms, layout_small_grid
D:10:     layout_irregular_city, mainiacjoe_overflow_tiny_flanked, david_orc_2
D:11:     layout_basic, minmay_lair_entry_lava, kennysheep_slug_shrine
D:12:     layout_cave_pods, minmay_hidden_floor
D:13:     minmay_the_grid_octo_triangle [minmay_the_grid_octo_teeth,
          minmay_the_grid_octo_prize_ultimate_mussel_roller,
          minmay_the_grid_octo_odd_swirl], layout_cave_pools,
          nicolae_hydra_factorization
Temple:   nicolae_temple_bog_church
Lair:1:   layout_loops_ring, serial_bayou_shore_b
Lair:2:   nzn_winding_woodlands_stair_cross
          [nzn_winding_woodlands_5x15_split_checker,
          nzn_winding_woodlands_center_diamonds,
          nzn_winding_woodlands_5x15_parted, nzn_winding_woodlands_5x5_three,
          nzn_winding_woodlands_5x5_open_star,
          nzn_winding_woodlands_5x15_longhouse,
          nzn_winding_woodlands_center_garden,
          nzn_winding_woodlands_5x15_sidewinder], layout_big_grid,
          guppyfry_snake_entry_garden, lemuel_fruit_fields, uniq_sonja
Lair:3:   layout_gridlike, minmay_shoals_entry_centaurs,
          grunt_forest_large_clearing_hut, grunt_megastairs_3
Lair:4:   layout_misc_corridors, bh_autumn_forest_stairs, lemuel_fruit_fields
Lair:5:   minmay_lair_end_frog_pond, layout_misc_corridors,
          dpeg_slime_entry_enclosed

Skill      XL: |  1  2  3  4  5  6  7  8  9 10 11 12 |
---------------+-------------------------------------+-----
Fighting       | 4 5 6 7 8 9 |  9.6
Armour         | 4 5 6 7 8 9 |  9.6
Axes           | 3 4 5 6 7 8 |  8.6
Shields        | 5 6 7 8 10 12 14 | 14.0
Throwing       | 2 3 5 6 7 8 9 |  9.4
Invocations    | 4 7 |  7.3

Action                     |  1- 3 |  4- 6 |  7- 9 | 10-12 || total
---------------------------+-------+-------+-------+-------++-------
  Melee: War axe           |    92 |   177 |   224 |    99 ||   592
         Broad axe         |       |       |       |   490 ||   490
  Throw: Javelin           |       |     4 |    21 |    13 ||    38
         Boomerang         |       |       |    14 |    29 ||    43
 Invoke: Heroism           |       |       |       |    12 ||    12
         Finesse           |       |       |       |     2 ||     2
Ability: Shaft Self        |       |     1 |       |     4 ||     5
    Use: Potion            |       |       |     1 |     2 ||     3
         Scroll            |       |       |    11 |     6 ||    17
 Armour: Scale mail        |    53 |    40 |       |       ||    93
         Chain mail        |       |    76 |   136 |   394 ||   606
  Dodge: Dodged            |    47 |   104 |   111 |   289 ||   551
  Block: Buckler           |    26 |    62 |    85 |   173 ||   346
         Kite shield       |       |       |       |   184 ||   184
